 Dungeon Crawl Stone Soup version 0.28-a0-1348-g050f3537b9 (webtiles) character file.

Game seed: 16252876168133556376

100 Lekart the Chopper (level 4, -24/37 (40) HPs)
             Began as a Draconian Chaos Knight on Dec 30, 2021.
             Was a Plaything of Xom.
             Annihilated by a snapping turtle (glowing shapeshifter) (28 damage)
             ... on level 3 of the Dungeon.
             The game lasted 00:03:56 (2736 turns).

Lekart the Chopper (Draconian Chaos Knight)         Turns: 2736, Time: 00:03:57

HP:   -24/37 (40)   AC:  5    Str: 14    XL:     4   Next: 47%
MP:   4/4           EV: 12    Int: 10    God:    Xom [..*...]
Gold: 116           SH:  5    Dex: 11    Spells: 1/3 levels left

rFire   . . .      SeeInvis .   a - +0 hand axe (chaos)
rCold   + . .      Faith    .   (no shield)
rNeg    + . .      Spirit   .   (armour unavailable)
rPois   .          Reflect  +   (helmet restricted)
rElec   .          Harm     .   (no cloak)
rCorr   .          Rampage  .   (no gloves)
Will    .....                   (no boots)
Stlth   +.........              g - amulet of reflection
HPRegen 0.12/turn               c - ring of positive energy
MPRegen 0.09/turn               f - ring of protection from cold

@: drained
A: AC +5, unfitting armour, cold-blooded, clumsy 1, dopey 1
a: Renounce Religion


You were on level 3 of the Dungeon.
You worshipped Xom.
You were a toy of Xom.
You visited 1 branch of the dungeon, and saw 3 of its levels.

You collected 176 gold pieces.
You spent 60 gold pieces at shops.

Inventory:

Hand Weapons
 a - a +0 hand axe of chaos (weapon)
Jewellery
 c - a ring of positive energy (left hand)
 f - a ring of protection from cold (right hand)
 g - an amulet of reflection (around neck)
Scrolls
 b - a scroll of identify
 d - a scroll of magic mapping
 e - 2 scrolls of teleportation
 h - a scroll of summoning
 k - a scroll of fog {unknown}
Potions
 i - a potion of flight
 j - 2 potions of curing {unknown}


   Skills:
 + Level 4.0 Fighting
 + Level 4.2 Axes
 + Level 2.6 Dodging
 + Level 1.1 Stealth
 + Level 0.1 Shields


You had one spell level left.
You knew the following spells:

 Your Spells              Type           Power      Damage    Failure   Level
a - Passwall              Tmut/Erth      0%         N/A       50%         2

Your spell library contained the following spells:

 Spells                   Type           Power      Damage    Failure   Level
 Swiftness                Air            0%         N/A       75%         3
 Alistair's Intoxication  Tmut/Pois      0%         N/A       100%        5
 Borgnjor's Vile Clutch   Necr/Erth      0%         N/A       100%        5
 Eringya's Noxious Bog    Tmut/Pois      0%         N/A       100%        6


Dungeon Overview and Level Annotations

Branches:
Dungeon (3/15)

Altars:

Shops:
D:1 *(?

Annotations:
D:3 Jessica


Innate Abilities, Weirdness & Mutations

Your plain brown scales are hard. (AC +5)
You cannot fit into any form of body armour.
You are cold-blooded and may be slowed by cold attacks.
You are clumsy. (Dex -2)
You are dopey. (Int -2)


Message History

Jessica gestures wildly while chanting.
Jessica blinks!
There are monsters nearby!
You hit the two-headed ogre.
Lightning courses through the two-headed ogre!!
The two-headed ogre is heavily wounded.
The two-headed ogre closely misses you. The two-headed ogre hits you.
You hit the two-headed ogre. You burn the two-headed ogre.
The two-headed ogre is heavily wounded.
You closely miss the quokka. The quokka barely misses you.
The two-headed ogre barely misses you.
The two-headed ogre hits you but does no damage.
The quokka misses you.
You slash the two-headed ogre!
You feel better.
You tail-slap the two-headed ogre.
The two-headed ogre is severely wounded.
You hit the quokka but do no damage.
The quokka seems to speed up.
You closely miss Jessica.
The two-headed ogre changes into a snapping turtle!
The quokka bites you.
Jessica drinks a potion.
Jessica's spells are empowered!
You barely miss the snapping turtle.
You tail-slap the snapping turtle, but do no damage.
The snapping turtle is moderately wounded.
You hit Jessica.
Jessica is poisoned.
You miss the quokka. You block the quokka's attack. x2
Jessica hits you with a +2 dagger of electrocution.
You are electrocuted!
You closely miss Jessica.
Your tail-slap misses Jessica.
Jessica is heavily wounded.
You hit the quokka but do no damage.
The quokka is poisoned.
You hit the snapping turtle but do no damage.
The snapping turtle is poisoned.
You block the quokka's attack.
Jessica hits you with a +2 dagger of electrocution.
You are electrocuted!
* * * LOW HITPOINT WARNING * * *
The quokka bites you but does no damage.
The snapping turtle bites you!!
Ouch! That really hurt!
You die...
Xom roars with laughter!

#.# #.# #.# #.# #.##
#..#### ##.....## #######
##...@...## ......#
##..##@##..## #####.#
#..##.tr##..# #.#
#..#....?#..# #####.#
#..#!....#..#
#.....#####..#.....#..#
#.###<..(....##...##..####
#.# ########..#####......#
#.# ##.......####.# #.#
##.......# #.#


You could see a snapping turtle shaped shifter (very poisoned), Jessica
(empowered, very poisoned) and a quokka (fast, very poisoned).

Vanquished Creatures
  3 adders
  2 worms (D:2)
  3 dart slugs
  3 orcs (D:2)
  6 bats
  2 endoplasms
  2 giant cockroaches
  3 goblins (D:1)
  4 hobgoblins
  13 jackals
  A quokka (D:2)
  3 ball pythons
  4 frilled lizards
  3 kobolds
  2 rats (D:1)
54 creatures vanquished.

Notes
Turn   | Place    | Note
-------+----------+-------------------------------------------
     0 | D:1      | Lekart the Draconian Chaos Knight began the quest for the
                  | Orb.
     0 | D:1      | Reached XP level 1. HP: 19/19 MP: 1/1
   129 | D:1      | Reached XP level 2. HP: 12/26 MP: 2/2
   238 | D:1      | XOM: silly message
   469 | D:1      | XOM: divination: detect creatures
   557 | D:1      | Found Xoczioss's Magic Scroll Boutique.
   559 | D:1      | XOM: potion effect (invisibility)
   569 | D:1      | Bought a scroll of magic mapping for 38 gold pieces
   569 | D:1      | Bought a scroll of identify for 22 gold pieces
   597 | D:1      | Found a faded altar of an unknown god.
   611 | D:1      | Reached XP level 3. HP: 33/33 MP: 3/3
   620 | D:1      | Found Logoffi's Weapon Shoppe.
   762 | D:1      | XOM: silly message
   836 | D:1      | Found Ponnif's Assorted Antiques.
  1316 | D:2      | XOM: 9-stop teleportation journey
  1363 | D:2      | Learned a level 2 spell: Passwall
  1524 | D:2      | XOM: give mutations
  1524 | D:2      | Gained mutation: You are clumsy. (Dex -2) [Xom's mischief]
  1524 | D:2      | Gained mutation: You are dopey. (Int -2) [Xom's mischief]
  1559 | D:2      | XOM: draining
  1831 | D:2      | XOM: draining
  1885 | D:2      | Reached XP level 4. HP: 22/35 MP: 4/4
  2250 | D:2      | Reached skill level 1 in Stealth
  2458 | D:3      | XOM: 3-stop teleportation journey
  2728 | D:3      | Noticed Jessica
  2731 | D:3      | Noticed a glowing shapeshifter
  2731 | D:3      | a bat changed into a glowing shapeshifter
  2731 | D:3      | Noticed a two-headed ogre
  2731 | D:3      | a glowing shapeshifter changed into a two-headed ogre
  2734 | D:3      | Noticed a snapping turtle
  2734 | D:3      | a two-headed ogre changed into a snapping turtle
  2736 | D:3      | Annihilated by a snapping turtle (glowing shapeshifter)

Illustrated notes

Levels and vault maps discovered:
D:1:      shiori_shiawase, layout_basic, serial_shops,
          nicolae_shop_hallway_stairs, nicolae_diamond_shop,
          nicolae_shop_bloodbath_and_beyond,
          hellmonk_ecumenical_altar_dog_temple, supply_closet_lemuel
D:2:      layout_loops_corners, wad_orctagon
D:3:      layout_basic, slow_altar_2, serial_shops, nicolae_shop_waterfront,
          kennysheep_doodads, kennysheep_jessica_study

Skill      XL: |  1  2  3  4 |
---------------+-------------+-----
Axes           | 4 |  4.2
Fighting       | 4 |  4.0
Stealth        | 1 |  1.1
Dodging        | |  2.6
Shields        | |  0.1

Action                   |  1- 3 |  4- 6 || total
-------------------------+-------+-------++-------
Melee: Hand axe          |   122 |    36 ||   158
       Tailslap          |     9 |     5 ||    14
  Use: Potion            |     2 |       ||     2
       Scroll            |     1 |     3 ||     4
 Stab: Paralysed         |     2 |       ||     2
       Invisible         |     7 |       ||     7
       Sleeping          |     2 |     2 ||     4
       Distracted        |       |     1 ||     1
Armor: Skin              |    30 |     8 ||    38
Dodge: Dodged            |    77 |    24 ||   101
Block: Other             |     6 |    15 ||    21

Table legend: (Time is in decaauts)
 A = Elapsed time spent in this place.
 B = Non-inter-level travel time spent in this place.
 C = Inter-level travel time spent in this place.
 D = Time resting spent in this place.
 E = Time spent auto-exploring this place.
 F = Levels seen in this place.
 G = Mean time per level.
                   A        B        C        D        E       F      G
               +--------+--------+--------+--------+--------+-----+--------+
         Total |   2753 |   2694 |     59 |    111 |   2196 |   3 |  917.7 |
       Dungeon |   2753 |   2694 |     59 |    111 |   2196 |   3 |  917.7 |
               +--------+--------+--------+--------+--------+-----+--------+

Top non-repeatable levels by time:
     D:2: 1240 daAuts
     D:1: 1153 daAuts
     D:3: 359 daAuts
